 Dungeon Crawl Stone Soup version 0.31-a0-145-g046c7d2549 (webtiles) character file.

Game seed: 3328403313204894886

225 jlumianski the Magician (level 6, -4/42 HPs)
             Began as a Djinni Fire Elementalist on June 6, 2023.
             Was a Follower of Elyvilon.
             Slain by an iguana (7 damage)
             ... on level 4 of the Dungeon.
             The game lasted 00:24:20 (3181 turns).

jlumianski the Magician (Djinni Fire Elementalist)  Turns: 3181, Time: 00:24:23

Health: -4/42      AC:  3    Str:  7    XL:     6   Next: 21%
Gold:   131        EV: 13    Int: 19    God:    Elyvilon [*.....] SH:  0 Dex: 13

rFire   + + .        k - +0 rapier
rCold   x . .        (no shield)
rNeg    + . .        a - +0 robe
rPois   ∞            (no helmet)
rElec   .            A - +0 cloak
rCorr   .            (no gloves)
SInv    .            (boots unavailable)
Will    +....        (no amulet)
Stlth   ++           i - ring of willpower
HPRegen 0.27/turn    c - ring of positive energy
MPRegen 0.00/turn

%: infuse magic (-5 HP)
@: flying, very slightly contaminated
A: sickness immunity, fire resistance 2, cold vulnerability 1, float, innate
caster, HP casting, extra vitality 1
a: Renounce Religion, Purification


You were on level 4 of the Dungeon.
You worshipped Elyvilon.
Elyvilon was aware of your devotion.
You visited 2 branches of the dungeon, and saw 5 of its levels.

You collected 215 gold pieces.
You spent 84 gold pieces at shops.

Inventory:

Hand Weapons
 d - a +0 dagger
 k - a +0 rapier (weapon)
 q - a +1 dagger of protection
 r - a +1 dagger of draining
Missiles
 b - 3 poisoned darts
 n - 16 stones
 t - a throwing net
Armour
 a - a +0 robe (worn)
 p - a +0 pair of boots
 s - a +0 buckler
 u - the +7 scale mail of the Barracuda {rC+ rN+ MP+9 Int+3}
   (You found it on level 3 of the Dungeon)

   Int:       It affects your intelligence (+3).
   rC:        It protects you from cold.
   rN:        It protects you from negative energy.
   MP:        It affects your magic capacity (+9).
 A - a +0 cloak (worn)
Magical Staves
 m - the staff of earth "Weeptugg" {rElec}
   (You found it on level 2 of the Dungeon)

   [staff of earth]

   Base accuracy: +5 Base damage: 5 Base attack delay: 1.2 This weapon's minimum
   attack delay (0.6) is reached at skill level 12.
   rElec:     It insulates you from electricity.
   It falls into the 'Staves' category.
   It is a one-handed weapon.
Jewellery
 c - a ring of positive energy (right hand)
 i - a ring of willpower (left hand)
Scrolls
 e - 2 scrolls of fog
 f - a scroll of magic mapping
 g - a scroll of enchant weapon
 j - a scroll of teleportation
 l - a scroll of noise
 w - a scroll of vulnerability
 x - a scroll of amnesia {unknown}
 y - a scroll of poison {unknown}
 B - a scroll of immolation {unknown}
Potions
 h - a potion of enlightenment
 o - 2 potions of might
 v - a potion of degeneration


   Skills:
 + Level 1.0 Fighting
 + Level 1.2 Short Blades
 + Level 3.6 Dodging
 + Level 2.8 Stealth
 * Level 4.0 Spellcasting
 * Level 4.0 Conjurations
 * Level 4.0 Hexes
 * Level 4.0 Summonings
 * Level 4.0 Necromancy
 * Level 4.0 Translocations
 * Level 4.0 Transmutations
 * Level 4.0 Fire Magic
 * Level 4.0 Ice Magic
 * Level 4.0 Air Magic
 * Level 4.0 Earth Magic
 * Level 4.0 Poison Magic


You knew the following spells:

 Your Spells              Type           Power      Damage    Failure   Level
a - Foxfire               Conj/Fire      76%        2x1d7     2%          1
b - Scorch                Fire           38%        2d7       4%          2
c - Volatile Blastmotes   Fire/Tloc      38%        2d13      8%          3
d - Inner Flame           Hex/Fire       19%        N/A       8%          3
e - Flame Wave            Conj/Fire      19%        2d7       26%         4
f - Slow                  Hex            76%        N/A       2%          1
g - Passwall              Tmut/Erth      15%        N/A       4%          2
Your spell library was empty.

Dungeon Overview and Level Annotations

Branches:
Dungeon (4/15)             Temple (1/1) D:4

Altars:
Elyvilon
Fedhas
Gozag
Nemelex Xobeh
Uskayaw
Wu Jian
Xom
Yredelemnul
Zin

Shops:
D:3 ?

Annotations:
D:2 Jessica, Sigmund


Innate Abilities, Weirdness & Mutations

You are immune to sickness and miasma.
You are immune to poison.
Your flesh is very heat resistant. (rF++)
You are vulnerable to cold. (rC-)
You float through the air rather than walking.
You learn spells naturally, not from books.
Your magical power is your life essence.
You have superior vitality. (+4 MHP)


Message History

Casting: Foxfire (safe; 2% risk of failure)
Confirm with . or Enter, or press ? or * to list all spells.
You miscast Foxfire.
You are very lightly contaminated with residual magic.
Nothing appears to happen.
* * * LOW HITPOINT WARNING * * *
The iguana barely misses you.
Okay, then.
You feel better. The iguana closely misses you.
Casting: Foxfire (safe; 2% risk of failure)
Confirm with . or Enter, or press ? or * to list all spells.
You miscast Foxfire.
Nothing appears to happen.
The iguana closely misses you.
Casting: Foxfire (safe; 2% risk of failure)
Confirm with . or Enter, or press ? or * to list all spells.
You conjure some foxfire!
* * * LOW HITPOINT WARNING * * *
The iguana bites you! Elyvilon protects you from harm!
You barely miss the iguana.
The iguana is heavily wounded.
The foxfire hits the iguana but does no damage.
The iguana is heavily wounded.
The foxfire hits the iguana but does no damage.
The iguana is heavily wounded.
The iguana bites you!
* * * LOW HITPOINT WARNING * * *
Casting: Foxfire (safe; 2% risk of failure)
Confirm with . or Enter, or press ? or * to list all spells.
You conjure some foxfire!
* * * LOW HITPOINT WARNING * * *
The iguana bites you! Elyvilon protects you from harm!
You hit the iguana but do no damage.
The iguana is heavily wounded.
The foxfire hits the iguana but does no damage.
The iguana is heavily wounded.
The foxfire hits the iguana.
The iguana is severely wounded.
The iguana bites you!
You die...

###.................
.####.............#.....
..#..............##.....
#...............###.....
#..............####.....
.............## #......
........#..## #......
##......## ##.....
#..@l..## #.....
#..§.##..# ##....
#...>.##...... #....
#....## #........ ##...
....# ......... #....
..## .......... #.... .
.......... #...# .....#.
##.## ##


You could see an iguana.

Vanquished Creatures
  An orc priest (D:3)
  An iguana (D:4)
  2 orc wizards (D:3)
  Robin (D:1)
  3 gnolls (D:3)
  An adder (D:2)
  2 worms (D:2)
  4 dart slugs
  2 orcs (D:3)
  7 ball pythons
  4 endoplasms
  3 giant cockroaches
  3 hobgoblins
  A quokka (D:2)
  5 bats
  4 frilled lizards
  13 goblins
  2 kobolds
  A rat (D:3)
60 creatures vanquished.

Vanquished Creatures (others)
  131 foxfires
131 creatures vanquished.

Grand Total: 191 creatures vanquished

Notes
Turn   | Place    | Note
-------+----------+-------------------------------------------
     0 | D:1      | jlumianski the Djinni Fire Elementalist began the quest for
                  | the Orb.
     0 | D:1      | jlumianski set off with the following spells memorised:
                  | Foxfire, Scorch, Volatile Blastmotes, Inner Flame, Flame
                  | Wave.
     0 | D:1      | Reached XP level 1. HP: 15/15 MP: 0/0
   196 | D:1      | Reached XP level 2. HP: 19/21 MP: 0/0
   891 | D:2      | Reached XP level 3. HP: 23/25 MP: 0/0
   891 | D:2      | Learned a level 1 spell: Slow
   948 | D:2      | Found a faded altar of an unknown god.
   972 | D:2      | Identified the staff of earth "Weeptugg" {rElec}
  1166 | D:2      | Reached XP level 4. HP: 29/31 MP: 0/0
  1271 | D:2      | Noticed Robin
  1452 | D:1      | Killed Robin
  1843 | D:2      | Noticed Sigmund
  1846 | D:2      | Noticed Jessica
  1873 | D:3      | Identified the +7 scale mail of the Barracuda {rC+ rN+ MP+9
                  | Int+3}
  1928 | D:3      | Found Iloa's Magic Scroll Shop.
  1930 | D:3      | Bought a scroll of identify for 28 gold pieces
  1930 | D:3      | Bought a scroll of identify for 28 gold pieces
  1930 | D:3      | Bought a scroll of identify for 28 gold pieces
  1987 | D:3      | Reached XP level 5. HP: 33/36 MP: 0/0
  1987 | D:3      | Learned a level 2 spell: Passwall
  2051 | D:4      | Found a staircase to the Ecumenical Temple.
  2063 | Temple   | Entered the Ecumenical Temple
  2213 | Temple   | Became a worshipper of Elyvilon the Healer
  2551 | D:3      | Found a glowing silver altar of Zin.
  2570 | D:3      | Reached skill level 1 in Short Blades
  2576 | D:3      | Elyvilon protects you from harm!
  2580 | D:3      | Reached XP level 6. HP: 2/41 MP: 0/0
  2654 | D:3      | Reached skill level 1 in Fighting
  2917 | D:4      | Reached * piety under Elyvilon
  3178 | D:4      | Elyvilon protects you from harm!
  3180 | D:4      | Elyvilon protects you from harm!
  3181 | D:4      | Slain by an iguana

Illustrated notes

Levels and vault maps discovered:
D:1:      psy_arrival_conway, layout_basic, serial_bayou, serial_bayou_shore_a,
          serial_bayou_pond_a, serial_bayou_pond_e, serial_bayou_lagoon_b,
          hangedman_feature_mirror
D:2:      layout_rooms, chequers_ecumenical_altar_island,
          minmay_stone_trees_small, nicolae_figureground_pulse, uniq_jessica,
          uniq_sigmund, uniq_robin
D:3:      layout_loops_ring, mainiacjoe_overflow_catwalk, serial_shops,
          nicolae_shop_tiny_waterfront, nicolae_kite_square_tiling_tiny,
          moated_statue, kennysheep_big_empty_room
D:4:      layout_cave_pods, minmay_temple_entry_slanted
Temple:   eino_temple_lava

Skill      XL: |  1  2  3  4  5  6 |
---------------+-------------------+-----
Spellcasting   | 4 |  4.0
Conjurations   | 4 |  4.0
Hexes          | 4 |  4.0
Summonings     | 4 |  4.0
Necromancy     | 4 |  4.0
Translocations | 4 |  4.0
Transmutations | 4 |  4.0
Fire Magic     | 4 |  4.0
Ice Magic      | 4 |  4.0
Air Magic      | 4 |  4.0
Earth Magic    | 4 |  4.0
Poison Magic   | 4 |  4.0
Stealth        | 2 |  2.8
Dodging        | 3 |  3.6
Short Blades   | 1 |  1.2
Fighting       | 1 |  1.0

Action                     |  1- 3 |  4- 6 || total
---------------------------+-------+-------++-------
  Melee: Dagger            |    19 |       ||    19
         Rapier            |    13 |    45 ||    58
   Cast: Foxfire           |    38 |    34 ||    72
         Scorch            |     1 |    10 ||    11
         Volatile Blastmot |       |     4 ||     4
         Inner Flame       |       |     2 ||     2
    Use: Scroll            |       |     9 ||     9
         Potion            |       |     2 ||     2
   Stab: Sleeping          |       |     1 ||     1
         Distracted        |       |     1 ||     1
 Armour: Robe              |    13 |     6 ||    19
  Dodge: Dodged            |    37 |    39 ||    76

Table legend: (Time is in decaauts)
 A = Elapsed time spent in this place.
 B = Non-inter-level travel time spent in this place.
 C = Inter-level travel time spent in this place.
 D = Time resting spent in this place.
 E = Time spent auto-exploring this place.
 F = Levels seen in this place.
 G = Mean time per level.
                   A        B        C        D        E       F      G
               +--------+--------+--------+--------+--------+-----+--------+
         Total |   3195 |   3122 |     73 |    183 |   1290 |   5 |  639.0 |
       Dungeon |   3036 |   2963 |     73 |    183 |   1290 |   4 |  759.0 |
        Temple |    158 |    158 |      0 |      0 |      0 |   1 |  158.0 |
               +--------+--------+--------+--------+--------+-----+--------+

Top non-repeatable levels by time:
     D:1: 1147 daAuts
     D:3: 914 daAuts
     D:2: 712 daAuts
     D:4: 262 daAuts
  Temple: 158 daAuts
